 Dungeon Crawl Stone Soup version 0.24.0-123-gd5b16e6ec5 (webtiles) character file.

Game seed: 18125486507303842028, levelgen mode: deterministic

142 Elellon the Chopper (level 5, -7/45 HPs)
             Began as a Hill Orc Fighter on Jan 9, 2020.
             Mangled by an orc warrior
             ... wielding a +0 short sword
              (15 damage)
             ... on level 2 of the Dungeon.
             The game lasted 00:02:34 (1226 turns).

Elellon the Chopper (Hill Orc Fighter)              Turns: 1226, Time: 00:02:35

Health: -7/45      AC:  9    Str: 20    XL:     5   Next: 24%
Magic:  5/5        EV:  7    Int:  8    God:
Gold:   92         SH:  9    Dex: 10    Spells: 4/4 levels left

rFire    . . .     SeeInvis .   a - +0 war axe
rCold    . . .     Gourm    .   c - +0 shield
rNeg     . . .     Faith    .   b - +0 scale mail
rPois    .         Spirit   .   (no helmet)
rElec    .         Reflect  .   (no cloak)
rCorr    .         Harm     .   k - +0 pair of gloves
MR       .....                  p - +0 pair of boots
Stlth    ..........             (no amulet)
HPRegen  0.15/turn              (no ring)
MPRegen  0.09/turn              (no ring)

@: no status effects
A: no striking features
a: no special abilities


You were on level 2 of the Dungeon.
You were not hungry.

You visited 1 branch of the dungeon, and saw 2 of its levels.

You collected 92 gold pieces.

Inventory:

Hand Weapons
 a - a +0 war axe (weapon)
Armour
 b - a +0 scale mail (worn)
 c - a +0 shield (worn)
 k - a +0 pair of gloves (worn)
 p - a +0 pair of boots (worn)
Scrolls
 e - 3 scrolls of teleportation {unknown}
 h - 2 scrolls of identify {unknown}
 j - a scroll of remove curse {unknown}
 l - a scroll of enchant weapon {unknown}
 m - a scroll of magic mapping {unknown}
Potions
 d - a potion of might
 i - a potion of invisibility {unknown}
 n - a potion of heal wounds {unknown}
 o - a potion of curing {unknown}
 q - a potion of mutation {unknown}
Comestibles
 f - 5 rations
 g - a chunk of flesh


   Skills:
 - Level 3.6 Fighting
 * Level 7.0 Axes
 - Level 3.2 Armour
 - Level 3.2 Shields


You had 4 spell levels left.
You didn't know any spells.
Your spell library was empty.

Dungeon Overview and Level Annotations

Branches:
Dungeon (2/15)

Altars:
Sif Muna
Vehumet

Annotations:
D:2 2 transporters


Message History

The orc warrior hits you with a +0 short sword!
The orc hits you but does no damage.
You are too injured to fight recklessly!
You are too injured to fight recklessly!
You are too injured to fight recklessly!
You closely miss the orc. You closely miss the orc warrior.
You block the orc warrior's attack. The orc hits you with a +0 mace.
* * * LOW HITPOINT WARNING * * *
The orc throws a boomerang.
The boomerang barely misses you.
The weapon returns to the orc!
You closely miss the orc warrior.
The orc warrior is moderately wounded.
You block the orc warrior's attack.
The orc warrior hits you with a +0 short sword.
* * * LOW HITPOINT WARNING * * *
You hit the orc warrior.
The orc warrior is moderately wounded.
The orc hits you but does no damage.
The orc warrior hits you with a +0 short sword!
You die...

#.##.# ####..>......# #... #.##.#
#####..##.###.# #.## #.##.#
####.............# #.#
..##.#####....o....##.##..# #.#
...........#...#...##.##..## #.#
.........#.#...#)#.....>...###.#
.....####<.#####....<..........#
...........# #o#..........##.##
##.#.###...#####@#..........#...÷
##.#............o..............##
...#.###...#####.#...........©...
####.# #.....# #.#.......########
#.# #.###.# #.#......##8.....8
####.###.# #.# #.#......#........
.........###.# #........#..(.©...
.............# #####....#........
####...###.### ##...#Z.......


You could see an orc warrior and an orc.

Vanquished Creatures
  2 orc wizards (D:2)
  4 adders (D:2)
  A dart slug (D:1)
  A leopard gecko (D:2)
  An orc (D:2)
  7 bats
  4 giant cockroaches
  8 hobgoblins
  3 jackals (D:1)
  A quokka (D:2)
  2 frilled lizards
  2 goblins (D:2)
  5 kobolds
  6 rats
47 creatures vanquished.

Notes
Turn   | Place    | Note
-------+----------+-------------------------------------------
     0 | D:1      | Elellon the Hill Orc Fighter began the quest for the Orb.
     0 | D:1      | Reached XP level 1. HP: 19/19 MP: 1/1
    38 | D:1      | Reached skill level 3 in Axes
    89 | D:1      | Reached XP level 2. HP: 26/26 MP: 2/2
   287 | D:1      | Reached skill level 4 in Axes
   482 | D:2      | Reached XP level 3. HP: 27/31 MP: 3/3
   550 | D:2      | Reached skill level 5 in Axes
   561 | D:2      | Found a transporter.
   668 | D:2      | Found a transporter.
   674 | D:2      | Found a radiant altar of Vehumet.
   722 | D:2      | Reached XP level 4. HP: 39/39 MP: 4/4
   727 | D:2      | Reached skill level 6 in Axes
   756 | D:2      | Reached XP level 5. HP: 25/45 MP: 5/5
  1032 | D:2      | Found a shimmering blue altar of Sif Muna.
  1040 | D:2      | Reached skill level 7 in Axes
  1210 | D:2      | Noticed an orc warrior
  1226 | D:2      | Mangled by an orc warrior

Levels and vault maps discovered:
D:1:      dpeg_arrival_lava_temple_mockup, layout_rooms
D:2:      layout_loops_ring, gammafunk_temple_overflow_arena,
          old_standard_altar, first_ration, serial_park_tiny_1

Skill      XL: |  1  2  3  4  5 |
---------------+----------------+-----
Axes           | 3 4 5 6 7 |  7.0
Fighting       | |  3.6
Armour         | |  3.2
Shields        | |  3.2

Action                   |  1- 3 |  4- 6 || total
-------------------------+-------+-------++-------
Melee: War axe           |    75 |    66 ||   141
  Eat: Chunk             |       |     1 ||     1
Armor: Scale mail        |    27 |    24 ||    51
Dodge: Dodged            |    18 |    18 ||    36
Block: Shield            |    46 |    37 ||    83
